 Dungeon Sprint DCSS version 0.17.1-3-g152610e (webtiles) character file.

215 Symetrie the Thaumaturge (level 5, -3/28 HPs)
             Began as a Deep Elf Wizard on Mar 17, 2016.
             Was an Initiate of Vehumet.
             Slain by a yak (13 damage)
             ... in the Dungeon (Sprint I: "Red Sonja").
             The game lasted 00:04:39 (338 turns).

Symetrie the Thaumaturge (Deep Elf Wizard)           Turns: 338, Time: 00:04:39

Health: -3/28      AC:  3    Str:  4    XL:     5   Next: 60%
Magic:  14/24      EV: 12    Int: 24    God:    Vehumet [......]
Gold:   309        SH:  0    Dex: 13    Spells: 5 memorised, 22 levels left

rFire  . . .     SeeInvis .     l - +0 scythe
rCold  . . .     Clarity  .     m - +1 robe {MR+}
rNeg   . . .     SustAt   .     (shield currently unavailable)
rPois  .         Gourm    .     b - +0 hat
rElec  .         Spirit   .     (no cloak)
rCorr  .         Warding  .     (no gloves)
rMut   .         NoTele   +     (no boots)
MR     +....                    (no amulet)
Stlth  ++........               (no ring)
                                (no ring)

@: somewhat resistant to hostile enchantments, unstealthy
A: no striking features
a: Renounce Religion


You were in the Dungeon.
You worshipped Vehumet.
Vehumet was noncommittal.
You were not hungry.

You visited 1 branch You collected 309 gold pieces.

Inventory:

Hand Weapons
 i - a +0 broad axe of freezing
 k - a +0 dagger
 l - a +0 scythe (weapon)
Armour
 a - a +0 robe
 b - a +0 hat (worn)
 m - a +1 robe of magic resistance (worn)
Scrolls
 j - a scroll of blinking
Potions
 e - a potion of curing
 f - a potion of heal wounds
 g - a potion of haste
 h - 2 potions of magic
Books
 c - a book of Minor Magic

   Spells                             Type                      Level
   a - Magic Dart                     Conjuration                  1
   b - Blink                          Translocation                2
   c - Call Imp                       Summoning                    2
   d - Repel Missiles                 Charms/Air                   2
   e - Slow                           Hexes                        2
   f - Conjure Flame                  Conjuration/Fire             3
   g - Mephitic Cloud                 Conjuration/Poison/Air       3
Comestibles
 d - a bread ration


   Skills:
 - Level 2.4 Dodging
 - Level 2.4 Stealth
 - Level 14.9 Spellcasting
 - Level 1.1 Conjurations
 + Level 1.1 Summonings
 - Level 1.1 Translocations


You had 22 spell levels left.
You knew the following spells:

 Your Spells              Type           Power        Failure   Level  Hunger
a - Magic Dart            Conj           ###.         1%          1    None
b - Call Imp              Summ           ###.....     3%          2    None
c - Blink                 Tloc           N/A          3%          2    None
d - Conjure Flame         Conj/Fire      ###.....     10%         3    None
e - Mephitic Cloud        Conj/Pois/Air  ###.....     10%         3    None


Dungeon Overview and Level Annotations

Branches:
Dungeon (1/1)

Altars:
Elyvilon
Gozag
Kikubaaqudgha
Makhleb
Nemelex Xobeh
Okawaru
Qazlal
Ru
Sif Muna
Vehumet
Xom
Yredelemnul
Zin
The Shining One

Shops:
D =


Message History

Your white imp hits the yak.
Your white imp freezes the yak.
Casting: Call Imp
Confirm with . or Enter, or press ? or * to list all spells.
A beastly little devil appears in a puff of frigid air.
Your white imp says, "Let's raise mayhem!"
The yak gores you.
Your crimson imp barely misses the yak.
Your white imp hits the yak but does no damage.
Your iron imp hits the yak!
Your crimson imp completely misses the yak.
A white imp opens the door.
There is an open door here.
Casting: Call Imp
Confirm with . or Enter, or press ? or * to list all spells.
Aiming: Magic Dart
Press: ? - help, Shift-Dir - straight line, f/p - yak
Aim: a yak (severely wounded)
The magic dart hits the yak.
The yak is severely wounded.
The yak gores you!
You die...

################
#<.#..'..#.†'@.#
#..'..#..'..#Y.+
#.)#####'#####5#
#..# #..#...#5#
#..#__####..##5#
#..#_..__##'#..'
#⌠⌠#_.∩...'.5._#§
####_..._##_.#+##+
#____ ##+#


You could see a yak, a friendly crimson imp and 2 friendly white imps.

Vanquished Creatures
  Ijyb (D)
1 creature vanquished.

Vanquished Creatures (collateral kills)
  Sigmund (D)
  An ogre (D)
  A jelly (D)
3 creatures vanquished.

Grand Total: 4 creatures vanquished

Notes
Turn   | Place    | Note
--------------------------------------------------------------
     0 | D        | Symetrie the Deep Elf Wizard began the quest for the Orb.
     0 | D        | Reached XP level 1. HP: 10/10 MP: 7/7
     1 | D        | Noticed Ijyb
     8 | D        | Killed Ijyb
     8 | D        | Reached skill level 9 in Spellcasting
     8 | D        | Reached XP level 2. HP: 15/15 MP: 8/14
    44 | D        | Learned a level 2 spell: Call Imp
    47 | D        | Learned a level 2 spell: Blink
    54 | D        | Noticed an ogre
    68 | D        | Killed an ogre
    68 | D        | Reached skill level 11 in Spellcasting
    68 | D        | Reached XP level 3. HP: 17/19 MP: 2/17
    68 | D        | Reached XP level 4. HP: 21/24 MP: 2/19
    73 | D        | Learned a level 3 spell: Conjure Flame
    77 | D        | Learned a level 3 spell: Mephitic Cloud
   188 | D        | Noticed Sigmund
   203 | D        | Killed Sigmund
   203 | D        | Reached skill level 14 in Spellcasting
   203 | D        | Reached XP level 5. HP: 24/28 MP: 12/24
   229 | D        | Found a deep blue altar of Sif Muna.
   230 | D        | Noticed a jelly
   231 | D        | Found a radiant altar of Vehumet.
   237 | D        | Killed a jelly
   248 | D        | Became a worshipper of Vehumet
   321 | D        | Found Senuploud's Jewellery Emporium.
   321 | D        | Found a white marble altar of Elyvilon.
   321 | D        | Found a stormy altar of Qazlal.
   321 | D        | Found a burning altar of Makhleb.
   321 | D        | Found a sacrificial altar of Ru.
   321 | D        | Found a basalt altar of Yredelemnul.
   321 | D        | Found a glowing golden altar of the Shining One.
   321 | D        | Found a sparkling altar of Nemelex Xobeh.
   321 | D        | Found a shimmering altar of Xom.
   321 | D        | Found an opulent altar of Gozag.
   321 | D        | Found an ancient bone altar of Kikubaaqudgha.
   321 | D        | Found a glowing silver altar of Zin.
   321 | D        | Noticed a yak
   322 | D        | Found an iron altar of Okawaru.
   338 | D        | Slain by a yak

Action                   |  1- 3 |  4- 6 || total
-------------------------+-------+-------++-------
Melee: Unarmed           |     6 |       ||     6
       Dagger            |       |     1 ||     1
       Scythe            |       |     2 ||     2
 Cast: Call Imp          |     5 |    12 ||    17
       Magic Dart        |     3 |     5 ||     8
  Use: Potion            |     1 |       ||     1
 Stab: Sleeping          |       |     1 ||     1
